 Dungeon Crawl Stone Soup version 0.21-a0-531-gacddea6 (webtiles) character file.

103 kiturien the Skirmisher (level 4, -1/40 HPs)
             Began as a Draconian Fighter on Dec 13, 2017.
             Killed from afar by Sigmund (6 damage)
             ... with a wand of flame (15)
             ... on level 2 of the Dungeon.
             The game lasted 00:03:16 (1754 turns).

kiturien the Skirmisher (Draconian Fighter)         Turns: 1754, Time: 00:03:16

Health: -1/40      AC:  6    Str: 18    XL:     4   Next: 51%
Magic:  4/4        EV: 10    Int: 10    God:
Gold:   54         SH:  0    Dex: 10    Spells: 3/3 levels left

rFire    . . .     SeeInvis .   a - +0 war axe
rCold    . . .     Gourm    .   b - +1 shield
rNeg     . . .     Faith    .   (armour unavailable)
rPois    .         Spirit   .   (helmet restricted)
rElec    .         Reflect  .   (no cloak)
rCorr    .         Harm     .   (no gloves)
MR       .....                  e - +0 pair of boots
Stlth    +.........             (no amulet)
HPRegen  0.13/turn              (no ring)
MPRegen  0.09/turn              (no ring)

@: confused
A: unfitting armour, cold-blooded, AC +5
a: no special abilities


You were on level 2 of the Dungeon.
You were very hungry.

You visited 1 branch of the dungeon, and saw 2 of its levels.

You collected 54 gold pieces.

Inventory:

Hand Weapons
 a - a +0 war axe (weapon)
Armour
 b - a +1 shield (worn)
 e - a +0 pair of boots (worn)
Scrolls
 f - 3 scrolls of blinking
 h - a scroll of teleportation
 j - 2 scrolls of remove curse
Potions
 c - a potion of might
 i - 2 potions of brilliance
Comestibles
 d - 3 bread rations
 g - 2 meat rations


   Skills:
 + Level 3.8 Fighting
 + Level 2.9 Axes
 + Level 3.4 Dodging
 + Level 3.8 Shields


You had 3 spell levels left.
You didn't know any spells.

Dungeon Overview and Level Annotations

Branches:
Dungeon (2/15)

Altars:
Hepliaklqana

Annotations:
D:2 Sigmund


Innate Abilities, Weirdness & Mutations

Your plain brown scales are hard. (AC +5)
You cannot fit into any form of body armour.
You are cold-blooded and may be slowed by cold attacks.


Message History

You hit Sigmund but do no damage.
Your tail-slap misses Sigmund.
Sigmund gestures at you while chanting. The magic dart hits you!
Sigmund zaps a wand.
The puff of flame hits you!
It is a wand of flame (15).
You closely miss Sigmund. Sigmund hits you with a scythe!
You closely miss Sigmund. You block Sigmund's attack.
You hit Sigmund but do no damage. Sigmund asks, "Do you like me?"
Sigmund hits you with a scythe!
* * * LOW HITPOINT WARNING * * *
You slash Sigmund! You tail-slap Sigmund.
Sigmund is heavily wounded.
Sigmund gestures at you while chanting.
You are confused.
You're too confused to move!
Sigmund hits you with a scythe.
* * * LOW HITPOINT WARNING * * *
You closely miss Sigmund.
Your tail-slap misses Sigmund.
Sigmund is heavily wounded.
Sigmund zaps a wand.
The puff of flame hits you!
You die...

..##).#..#.#)#
#........######
.........#...###........#
#.###.#..#.....'........#
#.###....#.#####........#
#.#......#.#####........#
.......>...#..........###
#.#.########.########.#
#.#.# #.#<.....#.#
#.#.########.#.#@##.#.#
#.#.......##.#,#.@#.#.#
#.#######.##.#,##.#.#.#
#............#,,,.#.#.#
..#######.#########.#.#
#.#######.#.........#.#
..........#.#########.#
#.#########.#########.#
#.# #............#


You could see Sigmund.

Vanquished Creatures
  Jessica (D:2)
  An adder (D:2)
  3 oozes (D:1)
  A worm (D:2)
  A dart slug (D:1)
  3 leopard geckos
  4 bats
  3 giant cockroaches
  3 goblins
  7 hobgoblins
  2 jackals (D:1)
  6 kobolds
  A quokka (D:2)
  2 frilled lizards (D:1)
  12 rats
50 creatures vanquished.

Notes
Turn   | Place    | Note
-------+----------+-------------------------------------------
     0 | D:1      | kiturien the Draconian Fighter began the quest for the Orb.
     0 | D:1      | Reached XP level 1. HP: 19/19 MP: 1/1
   116 | D:1      | Reached XP level 2. HP: 21/26 MP: 2/2
   304 | D:1      | Reached XP level 3. HP: 20/31 MP: 3/3
   566 | D:2      | Found a hazy altar of Hepliaklqana.
   566 | D:2      | Noticed Jessica
   584 | D:2      | Killed Jessica
   762 | D:2      | Reached XP level 4. HP: 34/40 MP: 4/4
  1747 | D:2      | Noticed Sigmund
  1754 | D:2      | Killed from afar by Sigmund

Vault maps used:
D:1:      lightli_iron_boxes
D:2:      old_standard_altar, first_bread, uniq_jessica, uniq_sigmund

Skill      XL: |  1  2 |
---------------+-------+-----
Dodging        | 3 |  3.4
Fighting       | |  3.8
Axes           | |  2.9
Shields        | |  3.8

Action                   |  1- 3 |  4- 6 || total
-------------------------+-------+-------++-------
Melee: War axe           |    82 |    14 ||    96
       Tailslap          |    12 |    12 ||    24
       Mace              |     7 |    85 ||    92
  Use: Scroll            |     3 |     2 ||     5
       Potion            |       |     3 ||     3
 Stab: Sleeping          |     1 |     2 ||     3
  Eat: Chunk             |       |     2 ||     2
Armor: Skin              |    21 |    26 ||    47
Dodge: Dodged            |    52 |    44 ||    96
Block: Shield            |    48 |    48 ||    96

Table legend:
 A = Spawn XP
 B = Non-spawn XP
 C = Spawn XP percentage of total XP
 D = Spawn monster count
 E = Non-spawn monster count
 F = Spawn count percentage of total count
 G = Total turns spent on level
                    A         B        C        D         E        F      G
               +---------+---------+-------+---------+---------+-------+---------
         Total |       0 |     148 |   0.0 |       0 |      50 |   0.0 |  1754
               +---------+---------+-------+---------+---------+-------+---------
           D:1 |       0 |      58 |   0.0 |       0 |      25 |   0.0 |   566
           D:2 |       0 |      90 |   0.0 |       0 |      25 |   0.0 |  1188
               +---------+---------+-------+---------+---------+-------+---------
